 Dungeon Crawl Stone Soup version 0.32-a0-918-g0f22ef8d61 (webtiles) character file.

Game seed: 2698995264715487223

141 RBrandon the Chopper (level 5, -1/46 HPs)
             Began as a Mountain Dwarf Fighter on Apr 10, 2024.
             Was a Plaything of Xom.
             Slain by a cerulean imp
             ... wielding a +2 spear
             ... summoned by Natasha
              (3 damage)
             ... on level 3 of the Dungeon.
             The game lasted 00:02:11 (1610 turns).

RBrandon the Chopper (Mountain Dwarf Fighter)       Turns: 1610, Time: 00:02:12

Health: -1/46      AC:  8    Str: 20    XL:     5   Next: 3%
Magic:  5/5        EV:  8    Int:  9    God:    Xom [..*...]
Gold:   121        SH:  4    Dex:  9    Spells: 4/4 levels left

rFire   . . .        a - +0 war axe
rCold   . . .        c - +0 buckler
rNeg    . . .        b - +0 scale mail
rPois   .            f - +0 helmet
rElec   .            (no cloak)
rCorr   .            (no gloves)
SInv    .            (no boots)
Will    .....        (no amulet) Stlth
                     (no ring)
HPRegen 0.27/turn    (no ring)
MPRegen 0.09/turn

%: no passive effects
@: slowed, very slow
A: runic magic, artefact enchanting
a: Renounce Religion


You were on level 3 of the Dungeon.
You worshipped Xom.
You were a toy of Xom.
You visited 1 branch of the dungeon, and saw 3 of its levels.

You collected 121 gold pieces.

Inventory:

Hand Weapons
 a - a +0 war axe (weapon)
Armour
 b - a +0 scale mail (worn)
 c - a +0 buckler (worn)
 f - a +0 helmet (worn)
Jewellery
 h - a ring of fire
Scrolls
 e - 3 scrolls of identify {unknown}
Potions
 d - a potion of might
 g - a potion of mutation {unknown}
 i - 2 potions of heal wounds {unknown}


   Skills:
 + Level 4.2 Fighting
 * Level 4.8 Axes
 + Level 4.2 Armour
 - Level 3.2 Shields


You had 4 spell levels left.
You didn't know any spells.
Your spell library contained the following spells:

 Spells                   Type           Power      Damage    Failure   Level
 Hailstorm                Conj/Ice       0%         3d5       89%         3
 Summon Ice Beast         Ice/Summ       0%         N/A       89%         3
 Permafrost Eruption      Ice/Erth       0%         2x4d1     100%        6
 Sculpt Simulacrum        Ice/Alch       0%         N/A       100%        6


Dungeon Overview and Level Annotations

Branches:
Dungeon (3/15)

Altars:
Xom

Annotations:
D:3 Natasha, Robin


Innate Abilities, Weirdness & Mutations

Your spellcasting is much less encumbered by armour.
You can use scrolls of enchantment on lesser artefacts.


Message History

* * * LOW HITPOINT WARNING * * *
The cerulean imp hits you but does no damage.
Natasha stares at you and mumbles some strange words.
You feel as though you will be slow longer.
You block the cerulean imp's attack.
You closely miss Natasha.
Natasha is almost dead.
The cerulean imp closely misses you. Natasha claws you but does no damage.
The cerulean imp hits you but does no damage.
The cerulean imp closely misses you. Natasha casts a spell at you.
The magic dart hits you.
* * * LOW HITPOINT WARNING * * *
The cerulean imp closely misses you.
You hit Natasha.
Natasha is almost dead.
The cerulean imp hits you but does no damage.
Natasha claws you but does no damage.
The cerulean imp hits you but does no damage. x2
Natasha claws you but does no damage.
The cerulean imp hits you but does no damage.
You closely miss Natasha.
Natasha is almost dead.
You block the cerulean imp's attack. Natasha claws you.
* * * LOW HITPOINT WARNING * * *
The cerulean imp hits you but does no damage.
The cerulean imp closely misses you.
Natasha mumbles some strange words.
The cerulean imp closely misses you.
You barely miss Natasha.
Natasha is almost dead.
The cerulean imp disappears in a puff of smoke!
Natasha claws you but does no damage.
The cerulean imp hits you but does no damage.
Natasha barely misses you.
The cerulean imp hits you from afar with a +0 spear.
* * * LOW HITPOINT WARNING * * *
The cerulean imp hits you from afar with a +2 spear.
You die...
Xom giggles madly!

########### #.........#
#.........#
#.........######
#.........##...#
#.........####.##
#....)@...####..#
......h.......##.#######
.....5§5.^..........##..
.#.........###.....†....
###.########........#..
... ........#.###. .##
#.....####....# ...#(..#
####.# ........ #..


You could see Natasha and 2 cerulean imps.

Vanquished Creatures
  Jessica (D:2)
  4 adders
  A ribbon worm (D:2)
  3 dart slugs
  2 orcs (D:3)
  4 endoplasms
  4 giant cockroaches
  3 hobgoblins
  2 jackals (D:3)
  5 kobolds
  4 quokkas
  5 ball pythons
  6 bats
  3 frilled lizards (D:2)
  9 goblins
  6 rats
62 creatures vanquished.

Vanquished Creatures (others)
  A giant cockroach (D:3)
1 creature vanquished.

Grand Total: 63 creatures vanquished

Notes
Turn   | Place    | Note
-------+----------+-------------------------------------------
     0 | D:1      | RBrandon the Mountain Dwarf Fighter began the quest for the
                  | Orb.
     0 | D:1      | Reached XP level 1. HP: 19/19 MP: 1/1
   365 | D:1      | Reached XP level 2. HP: 12/26 MP: 2/2
   772 | D:1      | You fall into a shaft and drop 1 floor!
   837 | D:2      | Noticed Jessica
   840 | D:2      | Killed Jessica
   841 | D:2      | Reached XP level 3. HP: 27/33 MP: 3/3
  1078 | D:2      | Reached XP level 4. HP: 32/40 MP: 4/4
  1436 | D:3      | Noticed Robin
  1473 | D:3      | Found a shimmering altar of Xom.
  1552 | D:3      | Became a worshipper of Xom of Malevolent Giggling
  1590 | D:3      | Noticed Natasha
  1595 | D:3      | Reached XP level 5. HP: 40/46 MP: 5/5
  1606 | D:3      | XOM: silly message
  1609 | D:3      | HP: 2/46 [Natasha (5)]
  1610 | D:3      | Slain by a cerulean imp

Illustrated notes

Levels and vault maps discovered:
D:1:      dpeg_arrival_radiant, layout_loops_ring, roderic_serpentine_path
D:2:      layout_basic, uniq_jessica
D:3:      layout_rooms, xom_confusion_cloud, shapermc_ecumenical_altar_ellora,
          minmay_misc_feat_tiny, uniq_robin, uniq_natasha

Skill      XL: |  1  2  3  4 |
---------------+-------------+-----
Axes           | 3 4 |  4.8
Fighting       | 4 |  4.2
Armour         | 4 |  4.2
Shields        | |  3.2

Action                     |  1- 3 |  4- 6 || total
---------------------------+-------+-------++-------
  Melee: War axe           |    79 |    82 ||   161
 Armour: Scale mail        |    87 |   105 ||   192
  Dodge: Dodged            |    25 |    60 ||    85
  Block: Buckler           |    30 |    20 ||    50

Table legend: (Time is in decaauts)
 A = Elapsed time spent in this place.
 B = Non-inter-level travel time spent in this place.
 C = Inter-level travel time spent in this place.
 D = Time resting spent in this place.
 E = Time spent auto-exploring this place.
 F = Levels seen in this place.
 G = Mean time per level.
                   A        B        C        D        E       F      G
               +--------+--------+--------+--------+--------+-----+--------+
         Total |   1671 |   1584 |     87 |     32 |   1152 |   3 |  557.0 |
       Dungeon |   1671 |   1584 |     87 |     32 |   1152 |   3 |  557.0 |
               +--------+--------+--------+--------+--------+-----+--------+

Top non-repeatable levels by time:
     D:1: 784 daAuts
     D:2: 707 daAuts
     D:3: 179 daAuts

Levels and vault maps discovered:
D:1:      dpeg_arrival_radiant, layout_loops_ring, roderic_serpentine_path
D:2:      layout_basic, uniq_jessica
D:3:      layout_rooms, xom_confusion_cloud, shapermc_ecumenical_altar_ellora,
          minmay_misc_feat_tiny, uniq_robin, uniq_natasha

Table legend: (Time is in decaauts)
 A = Elapsed time spent in this place.
 B = Non-inter-level travel time spent in this place.
 C = Inter-level travel time spent in this place.
 D = Time resting spent in this place.
 E = Time spent auto-exploring this place.
 F = Levels seen in this place.
 G = Mean time per level.
                   A        B        C        D        E       F      G
               +--------+--------+--------+--------+--------+-----+--------+
         Total |   1671 |   1584 |     87 |     32 |   1152 |   3 |  557.0 |
       Dungeon |   1671 |   1584 |     87 |     32 |   1152 |   3 |  557.0 |
               +--------+--------+--------+--------+--------+-----+--------+

Top non-repeatable levels by time:
     D:1: 784 daAuts
     D:2: 707 daAuts
     D:3: 179 daAuts

Table legend:
 A = Kills in this place as a percentage of kills in the entire game.
 B = Kills by you in this place as a percentage of kills by you in the entire game.
 C = Kills by friends in this place as a percentage of kills by friends in the entire game.
 D = Other kills in this place as a percentage of other kills in the entire game.
 E = Experience gained in this place as a percentage of experience gained in the entire game.
 F = Experience gained in this place divided by the number of levels of this place that you have seen.
                   A       B       C       D       E      F
               +-------+-------+-------+-------+-------+----------------------
         Total | 100.0 | 100.0 |   N/A |   N/A | 100.0 |  67.3
       Dungeon | 100.0 | 100.0 |   N/A |   N/A | 100.0 |  67.3
               +-------+-------+-------+-------+-------+----------------------
